 Dungeon Crawl Stone Soup version 0.19.0-2-gae57169 (webtiles) character file.

319 Jerry the Firebug (level 6, 0/36 HPs)
             Began as an Octopode Fire Elementalist on Nov 4, 2016.
             Slain by a worm (8 damage)
             ... on level 3 of the Dungeon.
             The game lasted 00:07:36 (2316 turns).

Jerry the Firebug (Octopode Fire Elementalist)      Turns: 2316, Time: 00:07:36

Health: 0/36       AC:  1    Str:  4 (7)  XL:     6   Next: 45%
Magic:  7/11       EV: 13    Int: 16 (19) God:
Gold:   195        SH:  0    Dex: 10 (13) Spells: 2 memorised, 9 levels left

rFire  . . .     SeeInvis .     c - +0 spear
rCold  + . .     Gourm    .     (no shield)
rNeg   . . .     Faith    .     (helmet restricted)
rPois  .         Spirit   .     (no amulet)
rElec  .         Reflect  .     f - ring of stealth
rCorr  .         Harm     .     v - ring of protection from cold
MR     .....                    (no ring)
Stlth  ++++......               (no ring)
                                (no ring)
                                (no ring)
                                (no ring)
                                (no ring)

@: lethally poisoned (0 -> -9)
A: almost no armour, stealthy swim, amphibious, 8 rings, constrict 8, camouflage
1, gelatinous body 1
a: no special abilities


You were on level 3 of the Dungeon.
You were hungry.

You visited 1 branch of the dungeon, and saw 3 of its levels.

You collected 195 gold pieces.

Inventory:

Hand Weapons
 c - a +0 spear (weapon)
 j - a +0 hunting sling
Missiles
 i - 45 sling bullets
Armour
 k - a +2 large shield
Jewellery
 f - a ring of stealth (left tentacle)
 v - a ring of protection from cold (right tentacle)
Scrolls
 e - a scroll of recharging {unknown}
 l - a scroll of magic mapping {unknown}
 p - a scroll of remove curse {unknown}
 u - a scroll of teleportation {unknown}
 w - a scroll of random uselessness {unknown}
Potions
 d - 2 potions of magic
 g - a potion of degeneration
 h - a potion of might {unknown}
 o - a potion of mutation {unknown}
 q - a potion of berserk rage {unknown}
 r - 2 potions of cure mutation {unknown}
 s - a potion of flight {unknown}
 t - a potion of ambrosia {unknown}
Books
 a - a book of Flames

   Spells                             Type                      Level
   a - Flame Tongue                   Conjuration/Fire             1
   b - Throw Flame                    Conjuration/Fire             2
   c - Conjure Flame                  Conjuration/Fire             3
   d - Inner Flame                    Hexes/Fire                   3
   e - Sticky Flame                   Conjuration/Fire             4
   f - Fireball                       Conjuration/Fire             5
Comestibles
 b - 4 bread rations
 m - a slice of pizza
 n - a beef jerky


   Skills:
 - Level 2.0 Dodging
 - Level 2.6 Stealth
 + Level 3.8 Spellcasting
 + Level 3.4 Conjurations
 + Level 4.8 Fire Magic


You had 9 spell levels left.
You knew the following spells:

 Your Spells              Type           Power        Failure   Level  Hunger
a - Flame Tongue          Conj/Fire      ###..        3%          1    None
b - Throw Flame           Conj/Fire      ###...       6%          2    ##.....


Dungeon Overview and Level Annotations

Branches:
Dungeon (3/15)

Altars:


Innate Abilities, Weirdness & Mutations

You cannot wear most types of armour.
You are very stealthy in the water. (Stealth+)
You are amphibious.
You can wear up to eight rings at the same time.
You can use your tentacles to constrict eight enemies at once.
Your skin changes colour to match your surroundings (Stealth+).
Your rubbery body absorbs attacks. (AC +1, EV +1)


Message History

Aim: a kobold, wielding a blowgun (heavily wounded)
The flame tongue hits the kobold.
You kill the kobold!
* * * LOW HITPOINT WARNING * * *
You feel sick.
Casting: Flame Tongue
Confirm with . or Enter, or press ? or * to list all spells.
Aiming: Flame Tongue
Press: ? - help, Shift-Dir - straight line, f - worm
Aim: a worm The flame tongue hits the worm.
The worm is heavily wounded.
* * * LOW HITPOINT WARNING * * *
You feel sick.
It was a potion of degeneration.
There was something very wrong with that liquid.
You feel weakened.
You feel dopey.
You feel clumsy.
* * * LOW HITPOINT WARNING * * *
You feel sick. The worm bites you!
You die...

####.# #.###############
.....#######................
...........................#
###..###>##....###...#####.#
#..# #......##.##..# #.# #..#
#..#...#...#..# #.###
#..###.>....##.##†######...#
#........#####'#....#......#
#.####..## #@#####..####.# #.#
#..#..%lw#'...##.# #.####
#.####..#..?)##.)...#.# #.....
#....#..##..###[....#.# #.####
####.#...####.'.....#.# #.#
######.##.).....##...##.# #.#
#.......††..#.#..#####..# #.#
#.####†##...#...#.....#.####.#
#<..........#.#..............#
#


You could see a worm and a frilled lizard.

Vanquished Creatures
  Sigmund (D:3)
  A bullfrog (D:3)
  3 adders (D:3)
  4 leopard geckos
  2 orcs (D:3)
  4 bats
  2 giant cockroaches (D:3)
  7 goblins
  6 hobgoblins
  3 jackals
  A quokka (D:3)
  2 ball pythons
  8 frilled lizards
  8 kobolds
  A leopard gecko skeleton (D:3)
  A quokka skeleton (D:3)
  7 rats
61 creatures vanquished.

Notes
Turn   | Place    | Note
-------+----------+-------------------------------------------
     0 | D:1      | Jerry the Octopode Fire Elementalist began the quest for the Orb.
     0 | D:1      | Reached XP level 1. HP: 11/11 MP: 3/3
   195 | D:1      | Reached XP level 2. HP: 17/17 MP: 5/5
   200 | D:1      | Learned a level 2 spell: Throw Flame
   640 | D:2      | Reached XP level 3. HP: 11/21 MP: 6/6
  1522 | D:3      | Noticed Sigmund
  1586 | D:3      | Killed Sigmund
  1586 | D:3      | Reached skill level 4 in Fire Magic
  1586 | D:3      | Reached XP level 4. HP: 4/27 MP: 0/9
  1586 | D:3      | Reached XP level 5. HP: 5/31 MP: 0/10
  1954 | D:3      | Reached XP level 6. HP: 27/36 MP: 11/11
  2316 | D:3      | Slain by a worm

Skill      XL: |  1  2  3 |
---------------+----------+-----
Spellcasting   | 3 |  3.8
Conjurations   | 3 |  3.4
Fire Magic     | 4 |  4.8
Dodging        | |  2.0
Stealth        | |  2.6

Action                   |  1- 3 |  4- 6 || total
-------------------------+-------+-------++-------
Melee: Spear             |    30 |       ||    30
       Constrict         |     8 |       ||     8
       Tentacles         |     3 |       ||     3
       Unarmed           |     1 |       ||     1
 Fire: Hunting sling     |    51 |    42 ||    93
 Cast: Flame Tongue      |     8 |    24 ||    32
       Throw Flame       |     6 |       ||     6
  Use: Potion            |       |     2 ||     2
 Stab: Sleeping          |     2 |       ||     2
  Eat: Chunk             |     2 |     2 ||     4
Armor: Skin              |     2 |       ||     2
Dodge: Dodged            |    23 |    40 ||    63
